 Dungeon Crawl Stone Soup version 0.31-a0-198-g2ad674f65e (webtiles) character file.

Game seed: 10438516788334848557

5781 pokeman the Thaumaturge (level 10, -10/55 (56) HPs)
             Began as a Deep Elf Hedge Wizard on June 24, 2023.
             Was a Believer of Vehumet.
             Mangled by a troll (18 damage)
             ... on level 9 of the Dungeon on June 25, 2023.
             The game lasted 00:23:37 (9956 turns).

pokeman the Thaumaturge (Deep Elf Hedge Wizard)     Turns: 9956, Time: 00:23:38

HP:   -10/55 (56)   AC:  5    Str:  7    XL:     10   Next: 50%
MP:   29/29         EV: 13    Int: 30    God:    Vehumet [**....]
Gold: 510           SH:  0    Dex: 14    Spells: 28/36 levels left

rFire   . . .        w - +2 whip (flame)
rCold   . . .        (no shield)
rNeg    . . .        b - +0 robe
rPois   .            H - +2 hat
rElec   .            j - +0 cloak
rCorr   .            (no gloves)
SInv    .            (no boots)
Will    +....        h - amulet of magic regeneration
Stlth   +            k - +6 ring of intelligence
HPRegen 0.29/turn    (no ring)
MPRegen 0.61/turn

%: no passive effects
@: confused, lightly drained
A: no striking features
a: Renounce Religion


You were on level 9 of the Dungeon.
You worshipped Vehumet.
Vehumet was pleased with you.
You visited 2 branches of the dungeon, and saw 10 of its levels.

You collected 567 gold pieces.
You spent 57 gold pieces at shops.

Inventory:

Hand Weapons
 w - a +2 whip of flaming (weapon)
Missiles
 B - a throwing net
Armour
 b - a +0 robe (worn)
 j - a +0 cloak (worn)
 H - a +2 hat (worn)
Jewellery
 h - an amulet of magic regeneration (around neck)
 k - a +6 ring of intelligence (left hand)
 u - a ring of protection from cold
 I - a ring of magical power
Wands
 l - a wand of mindburst (13)
 p - a wand of charming (3)
 v - a wand of polymorph (5)
 y - a wand of flame (12)
 E - a wand of acid (7)
Scrolls
 c - a scroll of noise {unknown}
 f - 9 scrolls of identify {unknown}
 m - a scroll of butterflies {unknown}
 n - a scroll of poison {unknown}
 q - a scroll of fear {unknown}
 r - 3 scrolls of teleportation {unknown}
 t - a scroll of enchant weapon {unknown}
 x - a scroll of amnesia {unknown}
 C - a scroll of silence {unknown}
 D - 2 scrolls of enchant armour {unknown}
 G - a scroll of vulnerability {unknown}
Potions
 a - a potion of curing {unknown}
 d - 2 potions of magic
 e - 3 potions of enlightenment {unknown}
 g - a potion of degeneration {unknown}
 i - 2 potions of attraction {unknown}
 o - 3 potions of heal wounds {unknown}
 s - a potion of invisibility {unknown}
 z - 2 potions of haste {unknown}
 A - a potion of brilliance {unknown}
 F - 2 potions of mutation {unknown}


   Skills:
 - Level 4.1 Fighting
 + Level 3.5 Armour
 - Level 3.0 Dodging
 - Level 3.0 Stealth
 * Level 13.6 Spellcasting
 + Level 7.7 Conjurations
 + Level 7.1 Summonings
 - Level 1.1 Translocations
 - Level 1.1 Air Magic
 - Level 1.3 Poison Magic
 - Level 1.2 Evocations


You had 28 spell levels left.
You knew the following spells:

 Your Spells              Type           Power      Damage    Failure   Level
a - Magic Dart            Conj           100%       1d8       1%          1
b - Mephitic Cloud        Conj/Pois/Air  40%        N/A       1%          3
c - Call Imp              Summ           100%       N/A       1%          2
d - Blink                 Tloc           54%        N/A       2%          2

Your spell library contained the following spells:

 Spells                   Type           Power      Damage    Failure   Level
 Scorch                   Fire           40%        2d6       3%          2
 Slow                     Hex            80%        N/A       2%          1
 Cigotuvi's Dreadful Rot  Necr/Pois/Air  50%        N/A       2%          2


Dungeon Overview and Level Annotations

Branches:
Dungeon (9/15)             Temple (1/1) D:4
   Lair: D:8-11         Orc: D:9-12

Altars:
Ashenzari
Cheibriados
Dithmenos
Elyvilon
Fedhas
Gozag
Hepliaklqana
Kikubaaqudgha
Nemelex Xobeh
Okawaru
Qazlal
Ru
Sif Muna
Trog
Uskayaw
Vehumet
Wu Jian
Xom
Yredelemnul
Zin
The Shining One

Shops:
D:1 =   D:2 *

Annotations:
D:5 Gold behind freezing cloud


Message History

The ball explodes into a vile cloud!
The stinking cloud engulfs the gnoll sergeant but does no damage.
The gnoll sergeant is moderately wounded.
The stinking cloud engulfs the troll but does no damage.
The stinking cloud engulfs you but does no damage.
You are engulfed in noxious fumes.
You choke on the stench!
You are confused.
You hear an angry buzzing noise.
You hear a shout!
You hear an angry buzzing noise.
You hear an angry hiss.
The gnoll sergeant is engulfed in noxious fumes.
The gnoll sergeant appears confused.
The gnoll sergeant completely misses you.
You hear an angry buzzing noise. x2; You hear a shout! x2
Unknown command.
You hit the gnoll sergeant. You burn the gnoll sergeant.
The gnoll sergeant is moderately wounded.
You are engulfed in noxious fumes.
You choke on the stench!
You are more confused.
You hear a shout!
The gnoll sergeant is engulfed in noxious fumes.
The gnoll sergeant appears confused.
The troll bites you! The troll claws you! The troll closely misses you.
You closely miss the troll.
You are engulfed in noxious fumes.
You choke on the stench!
You are more confused.
The troll barely misses you. The troll completely misses you.
The troll closely misses you.
Unknown command.
Unknown command.
You bump into the rock wall.
You are engulfed in noxious fumes.
The troll bites you!
* * * LOW HITPOINT WARNING * * *
The troll claws you!
* * * LOW HITPOINT WARNING * * *
The troll closely misses you.
The gnoll sergeant hits itself with a +0 spear.
You bump into the rock wall.
The gnoll sergeant barely misses the troll.
The troll bites you!!
You die...

#.............
......
##...###......
..>... ###..####....
...... ##......#..
...... ##
##........###......
.#####.####........#
.......# ##..##.g#
..####.###.....°T#
.## ##.##..###.°@#
.# #..##.###....#
### #.###.#...#.##
..###.# #...###.#
#.....###.### ###
#####.##..#
#####..[..#
.)).[.))..#
#######...#


You could see a troll and a gnoll sergeant (confused).

Vanquished Creatures
  Erica (D:9)
  Pikel (D:5)
  A queen bee (D:8)
  4 yaks (D:9)
  A wyvern (D:9)
  2 vampire mosquitoes (D:8)
  A steam dragon (D:7)
  A water moccasin (D:8)
  An ice beast (D:6)
  A sky beast (D:6)
  2 ogres
  3 centaurs
  2 lemures (D:5)
  2 phantoms
  2 gnoll sergeants
  17 wights
  6 killer bees (D:8)
  An electric eel (D:7)
  5 howler monkeys
  2 jellies
  2 hounds (D:6)
  Ijyb (D:4)
  2 iguanas
  7 orc wizards
  8 adders
  12 gnolls
  3 shadow imps
  3 white imps
  2 worms
  4 dart slugs
  13 orcs
  9 ball pythons
  7 endoplasms
  6 giant cockroaches
  11 goblins
  3 hobgoblins
  6 jackals
  11 kobolds
  3 quokkas
  8 bats
  5 frilled lizards
  2 rats
184 creatures vanquished.

Vanquished Creatures (collateral kills)
  Prince Ribbit (D:5)
  An ice beast (D:5)
  A wight (D:8)
  2 killer bees (D:8)
  2 endoplasms (D:2)
  A goblin (D:2)
  A hobgoblin (D:2)
9 creatures vanquished.

Vanquished Creatures (others)
  A vampire mosquito (D:8)
1 creature vanquished.

Grand Total: 194 creatures vanquished

Notes
Turn   | Place    | Note
-------+----------+-------------------------------------------
     0 | D:1      | pokeman the Deep Elf Hedge Wizard began the quest for the
                  | Orb.
     0 | D:1      | Reached XP level 1. HP: 10/10 MP: 7/7
   214 | D:1      | Reached XP level 2. HP: 16/16 MP: 3/9
   404 | D:1      | Upgraded the game from 0.31-a0-196-g86fe4a5e66 to
                  | 0.31-a0-198-g2ad674f65e
   670 | D:1      | Reached skill level 5 in Spellcasting
   836 | D:1      | Reached XP level 3. HP: 20/20 MP: 6/11
   840 | D:1      | Learned a level 3 spell: Mephitic Cloud
   843 | D:1      | Learned a level 2 spell: Call Imp
   846 | D:1      | Learned a level 2 spell: Blink
  1027 | D:1      | Found Goesm's Jewellery Shoppe.
  1557 | D:2      | Reached skill level 1 in Armour
  1615 | D:2      | Reached skill level 1 in Fighting
  1647 | D:2      | Found a faded altar of an unknown god.
  1791 | D:2      | Reached XP level 4. HP: 21/25 MP: 11/13
  1930 | D:2      | Found Lene's Assorted Antiques.
  1936 | D:2      | Bought a scroll labelled KIMO GEULOF for 30 gold pieces
  1936 | D:2      | Bought a fizzy clear potion for 27 gold pieces
  2105 | D:3      | Reached skill level 6 in Spellcasting
  2250 | D:3      | Reached XP level 5. HP: 29/29 MP: 12/15
  2862 | D:3      | Found an ornate altar of the Wu Jian Council.
  3063 | D:4      | Noticed a centaur
  3081 | D:4      | Killed a centaur
  3082 | D:4      | Reached skill level 1 in Air Magic
  3082 | D:4      | Reached skill level 1 in Poison Magic
  3082 | D:4      | Reached skill level 1 in Evocations
  3082 | D:4      | Reached XP level 6. HP: 13/34 MP: 15/17
  3291 | D:4      | Noticed Ijyb
  3318 | D:4      | Killed Ijyb
  3510 | D:4      | Found a staircase to the Ecumenical Temple.
  3524 | Temple   | Entered the Ecumenical Temple
  3841 | Temple   | Became a worshipper of Vehumet
  4194 | D:4      | Reached skill level 7 in Spellcasting
  4377 | D:5      | Entered Level 5 of the Dungeon
  4377 | D:5      | Noticed an ice beast
  4445 | D:5      | Noticed Pikel
  4508 | D:5      | Killed Pikel
  4509 | D:5      | Reached skill level 8 in Spellcasting
  4509 | D:5      | Reached XP level 7. HP: 24/40 MP: 18/21
  4915 | D:5      | Reached XP level 8. HP: 45/45 MP: 19/22
  4942 | D:5      | Reached skill level 9 in Spellcasting
  5046 | D:5      | Noticed Prince Ribbit
  5053 | D:5      | Killed Prince Ribbit
  5063 | D:5      | Reached skill level 5 in Conjurations
  5364 | D:6      | Reached skill level 10 in Spellcasting
  5383 | D:6      | Found a glowing silver altar of Zin.
  5416 | D:6      | Reached * piety under Vehumet
  5416 | D:6      | Offered knowledge of Sandblast by Vehumet.
  5705 | D:6      | Reached XP level 9. HP: 36/49 MP: 21/25
  5852 | D:6      | Reached skill level 5 in Summonings
  6101 | D:6      | Reached skill level 11 in Spellcasting
  7666 | D:8      | Reached skill level 12 in Spellcasting
  8041 | D:8      | Noticed a queen bee
  8079 | D:8      | Killed a queen bee
  8079 | D:8      | Reached ** piety under Vehumet
  8079 | D:8      | Offered knowledge of Scorch by Vehumet.
  8080 | D:8      | Reached XP level 10. HP: 18/56 MP: 26/28
  8821 | D:9      | Noticed Erica
  9026 | D:9      | Killed Erica
  9027 | D:9      | Reached skill level 13 in Spellcasting
  9956 | D:9      | Mangled by a troll

Illustrated notes

Levels and vault maps discovered:
D:1:      saegor_arrival_simple_a, layout_rooms, serial_shops,
          nicolae_shop_back_alley_shop
D:2:      layout_loops_ring, serial_shops, nicolae_shop_trees,
          hellmonk_ecumenical_altar_lost_god, kennysheep_generic_room_5
D:3:      layout_basic, pdpol_wu_jian_five_deadly_venoms
D:4:      layout_loops_ring, minmay_temple_entry_junction_2, grunt_ministairs_9,
          uniq_ijyb
D:5:      lemuel_ice_spiral_2, layout_basic, uniq_pikel, uniq_prince_ribbit1
D:6:      layout_basic, lemuel_tele_altar
D:7:      layout_rooms, nrook_pool_corridor
D:8:      layout_cave_pods, nicolae_looking_at_the_future
D:9:      layout_rooms, hiddenorc1_lemuel, minmay_misc_feat_secret_circle,
          uniq_erica
Temple:   mainiacjoe_temple_big_plus

Skill      XL: |  1  2  3  4  5  6  7  8  9 10 |
---------------+-------------------------------+-----
Spellcasting   | 5 6 8 10 12 13 | 13.6
Armour         | 1 2 3 |  3.5
Fighting       | 1 2 3 4 |  4.1
Conjurations   | 2 4 5 7 |  7.7
Dodging        | 3 |  3.0
Stealth        | 3 |  3.0
Air Magic      | 1 |  1.1
Poison Magic   | 1 |  1.3
Evocations     | 1 |  1.2
Summonings     | 3 4 6 7 |  7.1
Translocations | |  1.1

Action                     |  1- 3 |  4- 6 |  7- 9 | 10-12 || total
---------------------------+-------+-------+-------+-------++-------
  Melee: Dagger            |    17 |       |       |       ||    17
         Whip              |       |    68 |    50 |    79 ||   197
         Punch             |       |       |     1 |     4 ||     5
   Cast: Magic Dart        |   113 |    98 |   263 |    86 ||   560
         Call Imp          |     2 |     4 |    13 |     4 ||    23
         Mephitic Cloud    |     1 |    13 |    16 |    16 ||    46
         Blink             |       |       |     4 |     5 ||     9
  Evoke: Wand              |       |       |     8 |       ||     8
   Stab: Confused          |       |     8 |     7 |     9 ||    24
 Armour: Robe              |     6 |    19 |    14 |     4 ||    43
  Dodge: Dodged            |    22 |    42 |    80 |    54 ||   198

Table legend: (Time is in decaauts)
 A = Elapsed time spent in this place.
 B = Non-inter-level travel time spent in this place.
 C = Inter-level travel time spent in this place.
 D = Time resting spent in this place.
 E = Time spent auto-exploring this place.
 F = Levels seen in this place.
 G = Mean time per level.
                   A        B        C        D        E       F      G
               +--------+--------+--------+--------+--------+-----+--------+
         Total |   9972 |   9531 |    441 |    879 |   6944 |  10 |  997.2 |
       Dungeon |   9616 |   9212 |    404 |    879 |   6641 |   9 | 1068.4 |
        Temple |    355 |    318 |     37 |      0 |    303 |   1 |  355.0 |
               +--------+--------+--------+--------+--------+-----+--------+

Top non-repeatable levels by time:
     D:8: 1999 daAuts
     D:6: 1211 daAuts
     D:1: 1180 daAuts
     D:4: 1056 daAuts
     D:3: 959 daAuts
     D:5: 879 daAuts
     D:2: 850 daAuts
     D:9: 827 daAuts
     D:7: 654 daAuts
  Temple: 355 daAuts
